 Dungeon Crawl Stone Soup version 0.18-a0-1229-ge9a1a01 (webtiles) character file.

29 ololoev the Magician (level 3, 13/19 HPs)
             Began as a Deep Elf Fire Elementalist on Feb 4, 2016.
             Was a Follower of Makhleb.
             Quit the game on level 2 of the Dungeon.
             The game lasted 00:03:46 (428 turns).

ololoev the Magician (Deep Elf Fire Elementalist)    Turns: 428, Time: 00:03:46

Health: 13/19      AC:  3    Str:  5    XL:     3   Next: 1%
Magic:  7/10       EV: 13    Int: 20    God:    Makhleb [*.....]
Gold:   58         SH:  0    Dex: 15    Spells: 1 memorised, 8 levels left

rFire  . . .     SeeInvis .     j - +0 dagger
rCold  . . .     Gourm    .     a - +0 robe
rNeg   . . .     Faith    .     (no shield)
rPois  .         Spirit   .     (no helmet)
rElec  .         Dismiss  .     d - +0 cloak
rCorr  .         Reflect  .     (no gloves)
SustAt .         Harm     .     (no boots)
MR     .....                    (no amulet)
Stlth  ++........               (no ring)
                                (no ring)

@: not resistant to hostile enchantments, unstealthy
A: no striking features
a: Renounce Religion

Inventory:

Hand Weapons
 j - a +0 dagger (weapon)
Armour
 a - a +0 robe (worn)
 d - a +0 cloak (worn)
 l - a +0 buckler
Scrolls
 e - a scroll of blinking {unknown}
 f - a scroll of noise {unknown}
 h - 2 scrolls of identify {unknown}
 i - a scroll of remove curse {unknown}
 k - a scroll of random uselessness {unknown}
Potions
 g - 2 potions of flight {unknown}
 m - a potion of resistance {unknown}
Books
 b - a book of Flames

   Spells                             Type                      Level
   a - Flame Tongue                   Conjuration/Fire             1
   b - Throw Flame                    Conjuration/Fire             2
   c - Conjure Flame                  Conjuration/Fire             3
   d - Inner Flame                    Hexes/Fire                   3
   e - Sticky Flame                   Conjuration/Fire             4
   f - Fireball                       Conjuration/Fire             5
Comestibles
 c - 2 bread rations


   Skills:
 - Level 2.4 Dodging
 - Level 2.4 Stealth
 + Level 3.7 Spellcasting
 * Level 2.2 Conjurations
 + Level 3.5 Fire Magic


You had 8 spell levels left.
You knew the following spells:

 Your Spells              Type           Power        Failure   Level  Hunger
a - Flame Tongue          Conj/Fire      ###..        4%          1    None


You were on level 2 of the Dungeon.
You worshipped Makhleb.
Makhleb was aware of your devotion.
You were not hungry.

You visited 1 branch of the dungeon, and saw 2 of its levels.

You collected 58 gold pieces.

## ## ... ..> #.# #..
#.# ... # ##.###.#
#.#+### #......#
#....<# #####..#...#
#....†# #.[...#@#
#.....###......#...#
#.....).'...'........#
#.#+#####...###..###...
## # #..........+ ..
##8# #.##########
8...8##.# .....##.#
.....>#.#

Notes
Turn   | Place    | Note
--------------------------------------------------------------
     0 | D:1      | ololoev the Deep Elf Fire Elementalist began the quest for the Orb.
     0 | D:1      | Reached XP level 1. HP: 10/10 MP: 6/6
   165 | D:1      | Reached XP level 2. HP: 4/15 MP: 0/8
   392 | D:2      | Found a faded altar to an unknown god.
   411 | D:2      | Reached XP level 3. HP: 12/19 MP: 5/10
   428 | D:2      | Became a worshipper of Makhleb the Destroyer
   428 | D:2      | Reached * piety under Makhleb
   428 | D:2      | Quit the game

Dungeon Overview and Level Annotations

Branches:
Dungeon (2/15)

Altars:
Makhleb


Message History

The flame tongue hits the worm.
You kill the worm!
Casting: Flame Tongue
Confirm with . or Enter, or press ? or * to list all spells.
You can't see any susceptible monsters within range! (Use Z to cast anyway.)
You see here a worm corpse.
A kobold comes into view.
The kobold moves out of view.
The goblin misses you.
Press: ? - help, v - describe, . - travel
Here: a goblin, wielding an antimagic dagger The floor.
Casting: Flame Tongue
Confirm with . or Enter, or press ? or * to list all spells.
Aiming: Flame Tongue
Press: ? - help, Shift-Dir - straight line, f - goblin
Aim: a goblin, wielding an antimagic dagger The flame tongue hits the goblin.
You kill the goblin!
You see here an antimagic dagger.
There is an open door here.
The kobold shouts!
Found a stone staircase leading down.
Casting: Flame Tongue
Confirm with . or Enter, or press ? or * to list all spells.
Aiming: Flame Tongue
Press: ? - help, Shift-Dir - straight line, f - kobold
Aim: a kobold The flame tongue hits the kobold.
You kill the kobold!
You have reached level 3!
Your experience leads to an increase in your attributes!
Increase (S)trength, (I)ntelligence, or (D)exterity?
You feel clever.
Found a stone staircase leading down.
There is a faded altar to an unknown god here.
This altar will convert you to a god.
You cannot discern which.
Do you pray? Makhleb accepts your prayer! Makhleb welcomes you!
You can now gain health from killing.
Are you sure you want to abandon this character and quit the game? (Confirm with "yes".)

There were no monsters in sight!

Vanquished Creatures
  A worm (D:2)
  A giant gecko (D:1)
  4 giant cockroaches (D:1)
  A goblin (D:2)
  A hobgoblin (D:1)
  4 jackals (D:1)
  3 kobolds
  2 bats
  4 giant newts
  3 rats (D:1)
24 creatures vanquished.

Action                   || total
-------------------------++-------
Melee: Unarmed           ||    15
       Dagger            ||     9
 Cast: Flame Tongue      ||    36
 Stab: Sleeping          ||     4

Vault maps used:
D:1:      minmay_arrival_loop, minmay_misc_feat_x
D:2:      nicolae_overflow_hidden_temple, elyvilon_altar_4, ecumenical_altar_1,
          minivault_14, hangedman_feature_mirror, nemelex_lonely_heart_becter
